 Dungeon Crawl Stone Soup version 0.27.1-3-gb3d3a73c9e (webtiles) character file.

Game seed: 3374851060912418996

9963 CuBeRJAN3 the Fighter (level 11, -5/74 HPs)
             Began as a Gargoyle Fighter on Oct 7, 2021.
             Was an Elder of Okawaru.
             Slain by a ten-headed hydra (10 damage)
             ... on level 2 of the Lair of Beasts.
             The game lasted 00:51:14 (14414 turns).

CuBeRJAN3 the Fighter (Gargoyle Fighter)           Turns: 14414, Time: 00:51:14

Health: -5/74      AC: 30    Str: 23    XL:     11   Next: 54%
Magic:  12/12      EV:  5    Int:  9    God:    Okawaru [****..]
Gold:   647        SH: 11    Dex:  9    Spells: 10/10 levels left

rFire    . . .     SeeInvis .   C - +1 hand axe (vamp)
rCold    . . .     Faith    .   c - +0 kite shield
rNeg     + . .     Spirit   .   y - +0 plate armour
rPois    ∞         Reflect  .   (no helmet)
rElec    +         Harm     .   n - +0 cloak
rCorr    .         Rampage  .   J - +0 pair of gloves
Will     +....                  g - +0 pair of boots
Stlth    ..........             P - amulet of regeneration
HPRegen  1.22/turn              h - +4 ring of protection
MPRegen  0.13/turn              o - ring of willpower

@: no status effects
A: sickness immunity, AC +8, negative energy resistance 1, electricity
resistance, torment resistance 1, petrification resistance
a: Renounce Religion, Heroism


You were on level 2 of the Lair of Beasts.
You worshipped Okawaru.
Okawaru was greatly pleased with you.
You visited 3 branches of the dungeon, and saw 14 of its levels.
You also visited: Bailey.

You collected 647 gold pieces.

Inventory:

Hand Weapons
 C - a +1 vampiric hand axe (weapon)
Missiles
 b - 3 throwing nets
 U - 3 silver boomerangs (quivered)
Armour
 c - a +0 kite shield (worn)
 g - a +0 pair of boots (worn)
 n - a +0 cloak (worn)
 y - a +0 plate armour (worn)
 J - a +0 pair of gloves (worn)
Jewellery
 h - a +4 ring of protection (left hand)
 o - a ring of willpower (right hand)
 q - a ring of positive energy
 G - an amulet of magic regeneration
 K - a ring of protection from fire
 L - a ring of willpower
 N - a ring of protection from cold
 P - an amulet of regeneration (around neck)
 R - a +4 ring of evasion
 W - a ring of see invisible
Wands
 k - a wand of mindburst (9)
 l - a wand of iceblast (9)
 r - a wand of paralysis (11)
 s - a wand of acid (9)
 z - a wand of flame (11)
 V - a wand of digging (5)
Scrolls
 a - a scroll of fog
 d - a scroll of vulnerability {unknown}
 m - a scroll of holy word {unknown}
 u - a scroll of teleportation
 w - a scroll of immolation {unknown}
 x - 3 scrolls of silence
 D - 2 scrolls of amnesia {unknown}
 E - a scroll of fear {unknown}
 F - a scroll of magic mapping {unknown}
 H - 4 scrolls of noise
 M - a scroll of enchant armour {unknown}
 Q - a scroll of brand weapon {unknown}
 S - a scroll of torment {unknown}
 X - a scroll of identify
Potions
 e - 3 potions of brilliance
 f - 2 potions of attraction
 i - a potion of invisibility
 p - 2 potions of degeneration
 t - a potion of haste
 v - 2 potions of lignification {unknown}
 A - a potion of magic {unknown}
 B - a potion of curing
 I - a potion of mutation {unknown}
 O - 2 potions of berserk rage {unknown}
 T - a potion of might


   Skills:
 * Level 11.4 Fighting
 * Level 9.5 Axes
 + Level 8.5 Armour
 + Level 8.6 Shields
 + Level 2.3 Invocations
 + Level 1.8 Evocations


You had 10 spell levels left.
You didn't know any spells.
Your spell library contained the following spells:

 Spells                   Type           Power      Damage    Failure   Level
 Foxfire                  Conj/Fire      0%         2x1d4     100%        1
 Conjure Flame            Conj/Fire      0%         6-21      100%        3
 Dazzling Flash           Conj/Hex       0%         N/A       100%        3
 Gell's Gravitas          Tloc           0%         N/A       100%        3
 Inner Flame              Hex/Fire       0%         N/A       100%        3
 Lesser Beckoning         Tloc           0%         N/A       100%        3
 Ozocubu's Armour         Ice            0%         N/A       100%        3
 Teleport Other           Tloc           0%         N/A       100%        3
 Olgreb's Toxic Radiance  Pois           0%         N/A       100%        4
 Agony                    Necr           0%         N/A       100%        5
 Silence                  Hex/Air        0%         N/A       100%        5
 Ozocubu's Refrigeration  Ice            0%         4d5       100%        7
 Ignition                 Fire           0%         3d3       100%        8


Dungeon Overview and Level Annotations

Branches:
Dungeon (11/15)            Temple (1/1) D:7            Lair (2/6) D:9
  Swamp (0/4) Lair:2       Bailey (visited)
  Snake: Lair:2-4    Spider: Lair:2-4       Orc: D:9-12

Altars:
Ashenzari
Cheibriados
Dithmenos
Elyvilon
Fedhas
Gozag
Kikubaaqudgha
Makhleb
Nemelex Xobeh
Okawaru
Qazlal
Ru
Sif Muna
Trog
Vehumet
Wu Jian
Xom
The Shining One

Shops:
D:9 *

Annotations:
D:6 1 exclusion, Harold
D:7 1 runed translucent door, exclusion: door, 4FPSwarrior's ghost, novice DgCj; Maggie
D:10 1 exclusion, Gastronok
Lair:1 Nergalle; Prince Ribbit; Urug


Innate Abilities, Weirdness & Mutations

You are immune to sickness and miasma.
Your stone body is resilient. (AC +8)
You are immune to poison.
You resist negative energy. (rN+)
You are resistant to electric shocks. (rElec)
You are resistant to unholy torment.
You are immune to petrification.


Message History

The ten-headed hydra bites you but does no damage.
The ten-headed hydra bites you. The ten-headed hydra barely misses you.
The ten-headed hydra bites you but does no damage. x2
You are too injured to fight recklessly!
You are too injured to fight recklessly!
You are too injured to fight recklessly!
You are too injured to fight recklessly!
You are too injured to fight recklessly!
You are too injured to fight recklessly!
You are too injured to fight recklessly!
You are too injured to fight recklessly!
You are too injured to fight recklessly!
You are too injured to fight recklessly!
You are too injured to fight recklessly!
You are too injured to fight recklessly!
You are too injured to fight recklessly!
You are too injured to fight recklessly!
You are too injured to fight recklessly!
You are too injured to fight recklessly!
You are too injured to fight recklessly!
You are too injured to fight recklessly!
Unknown command.
You enter the shallow water.
Moving in this stuff is going to be slow.
You block the ten-headed hydra's attack. x2
The ten-headed hydra bites you but does no damage.
The ten-headed hydra bites you!
The ten-headed hydra bites you but does no damage.
The ten-headed hydra bites you. The ten-headed hydra bites you!
* * * LOW HITPOINT WARNING * * *
The ten-headed hydra bites you but does no damage. x3
The blink frog hits you!
* * * LOW HITPOINT WARNING * * *
The blink frog blinks!
You block the blink frog's attack.
The ten-headed hydra bites you but does no damage.
The ten-headed hydra barely misses you.
The ten-headed hydra bites you but does no damage. x4
The ten-headed hydra bites you!
You die...

# ## ####### #########.###
#.#####.##P.###.#..#..#...##
..................†.........
......................##
...............F@..†...#
#..........≈≈..D###...##
#......≈≈≈≈≈≈≈≈≈###...#
#......≈≈≈≈≈≈≈≈≈.##...#
#....#≈≈≈≈≈≈≈≈≈≈.##...#
#....#.≈≈≈≈≈.≈≈≈≈###...#
#....≈≈≈≈≈.<.≈≈≈.# #......
.....P.≈≈≈≈.≈≈≈≈.# #........
#......≈≈≈≈≈≈≈≈≈≈...........


You could see a ten-headed hydra and a blink frog.

Vanquished Creatures
  2 two-headed ogres
  A manticore (D:11)
  A black mamba (Lair:1)
  2 trolls
  A hornet (D:11)
  4 blink frogs (Lair:2)
  A vampire (D:9)
  9 yaks
  A steam dragon (D:7)
  Grum (D:8)
  Menkaure (D:7)
  An acid dragon (D:7)
  3 water moccasins
  A black bear (D:7)
  An orc warrior (D:9)
  An ice beast (D:7)
  2 necrophages
  4 ogres
  4 wolves
  11 centaurs
  A phantom (D:6)
  A kobold brigand (D:8)
  4 bullfrogs
  A gnoll sergeant (D:11)
  A wyvern zombie (D:6)
  4 scorpions
  13 killer bees
  3 wights (D:7)
  2 howler monkeys (D:8)
  A centaur skeleton (D:4)
  A hound (D:5)
  A bullfrog skeleton (D:7)
  2 orc priests
  3 iguanas
  9 orc wizards
  4 killer bee zombies
  2 howler monkey zombies
  A howler monkey skeleton (D:7)
  5 gnolls
  6 adders
  3 ufetubi
  2 worms
  2 dart slugs
  20 orcs
  14 ball pythons
  9 endoplasms
  2 giant cockroaches (D:4)
  3 goblins
  A hobgoblin (D:2)
  16 kobolds
  4 quokkas
  5 bats
  3 frilled lizards
  10 rats
211 creatures vanquished.

Vanquished Creatures (others)
  A yak (D:10)
  A sky beast (D:7)
  20 fungi
  25 plants
47 creatures vanquished.

Grand Total: 258 creatures vanquished

Notes
Turn   | Place    | Note
-------+----------+-------------------------------------------
     0 | D:1      | CuBeRJAN3 the Gargoyle Fighter began the quest for the Orb.
     0 | D:1      | Reached XP level 1. HP: 14/14 MP: 1/1
   226 | D:1      | Reached XP level 2. HP: 15/19 MP: 2/2
   634 | D:1      | You fall into a shaft and drop 1 floor!
   756 | D:1      | Found a faded altar of an unknown god.
   827 | D:1      | Reached XP level 3. HP: 24/24 MP: 3/3
  1410 | D:2      | Reached skill level 4 in Fighting
  1771 | D:3      | Reached XP level 4. HP: 27/29 MP: 4/4
  1974 | D:3      | Found a snail-covered altar of Cheibriados.
  2556 | D:3      | Found a shimmering blue altar of Sif Muna.
  2905 | D:4      | Reached XP level 5. HP: 30/34 MP: 5/5
  3033 | D:4      | Noticed a black bear
  3536 | D:4      | Found an opulent altar of Gozag.
  3556 | D:4      | Reached skill level 5 in Fighting
  3556 | D:4      | Reached XP level 6. HP: 31/40 MP: 6/6
  3596 | D:4      | Noticed an orc warrior
  3653 | D:4      | Found a shimmering altar of Xom.
  3952 | D:4      | Noticed a necrophage
  4251 | D:4      | Killed a necrophage
  4730 | D:5      | Entered Level 5 of the Dungeon
  4755 | D:5      | Reached XP level 7. HP: 15/45 MP: 7/7
  4967 | D:5      | Identified the +0 ring mail of Daisies {Harm rC+ Stlth+}
  5218 | D:5      | Reached skill level 6 in Fighting
  5665 | D:5      | Reached skill level 5 in Armour
  5665 | D:5      | Reached skill level 5 in Shields
  5665 | D:5      | Reached XP level 8. HP: 52/52 MP: 8/8
  5676 | D:5      | Reached skill level 5 in Axes
  6156 | D:5      | Reached skill level 7 in Fighting
  7351 | D:7      | Noticed Maggie
  7441 | D:7      | Found a runed translucent door.
  7441 | D:7      | Found a shimmering altar of Xom.
  7441 | D:7      | Noticed 4FPSwarrior's ghost (novice DgCj)
  7444 | D:7      | Noticed a +2 falchion of chaos
  7556 | D:7      | Found a staircase to the Ecumenical Temple.
  7562 | Temple   | Entered the Ecumenical Temple
  7643 | Temple   | Became a worshipper of Warmaster Okawaru
  7670 | D:7      | Noticed Harold
  7681 | D:7      | Paralysed by Harold for 4 turns
  7754 | D:6      | Reached XP level 9. HP: 44/59 MP: 9/9
  7756 | D:6      | Reached skill level 8 in Fighting
  8034 | D:7      | Reached * piety under Okawaru
  8120 | D:7      | Paralysed by Harold for 6 turns
  8690 | D:7      | Noticed Menkaure
  8702 | D:7      | Killed Menkaure
  9199 | D:7      | Reached skill level 9 in Fighting
  9430 | D:8      | Reached ** piety under Okawaru
  9464 | D:8      | Found a flagged portal.
  9475 | Bailey   | Entered a bailey
  9476 | Bailey   | Noticed an orc knight
  9865 | D:8      | Noticed Grum
  9909 | D:8      | Reached XP level 10. HP: 65/66 MP: 10/10
 10235 | D:8      | Killed Grum
 10760 | D:9      | Found Cahif's Elemental Accessories.
 11037 | D:8      | Reached *** piety under Okawaru
 11507 | D:9      | Found a staircase to the Lair.
 11529 | D:10     | Entered Level 10 of the Dungeon
 11577 | D:9      | Reached skill level 10 in Fighting
 11601 | D:10     | Noticed a two-headed ogre
 11921 | D:10     | Noticed Gastronok
 12521 | D:9      | Reached **** piety under Okawaru
 12951 | D:11     | Noticed a manticore
 13083 | D:11     | Reached XP level 11. HP: 73/73 MP: 11/11
 13210 | D:11     | Noticed a boulder beetle
 13312 | D:11     | Killed a manticore
 13312 | D:11     | Received a gift from Okawaru
 13313 | D:11     | Reached skill level 11 in Fighting
 13338 | D:11     | Noticed a two-headed ogre
 13393 | D:11     | Killed a two-headed ogre
 13394 | D:11     | Reached skill level 1 in Invocations
 13423 | D:11     | Noticed a red ugly thing
 13423 | D:11     | Noticed a red ugly thing
 13423 | D:11     | Noticed a brown ugly thing
 13424 | D:11     | Noticed a green ugly thing
 13424 | D:11     | Noticed a brown ugly thing
 13458 | D:10     | Reached skill level 1 in Evocations
 13499 | D:10     | Killed a two-headed ogre
 13935 | Lair:1   | Entered Level 1 of the Lair of Beasts
 13960 | Lair:1   | Noticed Prince Ribbit
 13968 | Lair:1   | Noticed Nergalle
 13981 | Lair:1   | Noticed Urug
 14293 | Lair:2   | Found a staircase to the Swamp.
 14401 | Lair:2   | Noticed an eight-headed hydra
 14412 | Lair:2   | HP: 3/74 [blink frog (13)]
 14414 | Lair:2   | Slain by a ten-headed hydra

Illustrated notes

Levels and vault maps discovered:
D:1:      scummos_arrival_hexagon, layout_loops_ring, basic_ecumenical_altar
D:2:      layout_rooms, kennysheep_small_spiral, minivault_23
D:3:      layout_loops_ring, led_sif_book, kennysheep_slug_shrine,
          hangedman_feature_mirror
D:4:      layout_layer_cave, grunt_gozag_breadcrumbs, lemuel_crystal_altar
D:5:      layout_gridville
D:6:      nicolae_whirlpool, layout_loops_ring
D:7:      layout_basic, chequers_temple_overflow_minitemple,
          minmay_temple_entry_hall, ebering_ghost_xom, nrook_pool_corridor,
          uniq_menkaure, uniq_maggie, uniq_harold
D:8:      layout_basic, enter_bailey_2, kennysheep_generic_room_4, uniq_grum
D:9:      layout_big_octagon, grunt_lair_entry_orc_guard_hut,
          nicolae_elemental_shop
D:10:     layout_irregular_city, serial_column_ruins, column_ruins_hut_pillars,
          column_ruins_hut_ruined, column_ruins_corridor_water,
          column_ruins_grid_1, column_ruins_open_small,
          column_ruins_corridor_straight, column_ruins_columns_straight,
          column_ruins_columns_corner, column_ruins_open_tiny,
          chequers_serial_rivers_small_3, uniq_gastronok
D:11:     cheibrodos_breeding_chamber, layout_cave_pools, serial_column_ruins,
          column_ruins_square_large, column_ruins_circle_small,
          column_ruins_open_tiny, column_ruins_open_large,
          column_ruins_open_tiny, column_ruins_grid_4, column_ruins_open_tiny,
          minivault_27, grunt_tough_drop
Temple:   eino_temple_lava
Lair:1:   layout_chaotic_city, nicolae_volcano_entry_s_turn, uniq_nergalle,
          uniq_prince_ribbit2, uniq_urug
Lair:2:   layout_chaotic_city, minmay_swamp_entry_eels,
          infiniplex_staircase_pool_2

Skill      XL: |  1  2  3  4  5  6  7  8  9 10 11 |
---------------+----------------------------------+-----
Axes           | 2 3 4 6 7 8 9 |  9.5
Fighting       | 4 5 6 7 9 10 11 | 11.4
Armour         | 4 5 6 7 8 |  8.5
Shields        | 4 5 6 8 |  8.6
Invocations    | 2 |  2.3
Evocations     | 1 |  1.8

Action                   |  1- 3 |  4- 6 |  7- 9 | 10-12 || total
-------------------------+-------+-------+-------+-------++-------
Melee: War axe           |   133 |   145 |   278 |       ||   556
       Hand axe          |       |       |   104 |   604 ||   708
Throw: Boomerang         |       |       |       |     2 ||     2
Invok: Heroism           |       |       |       |     2 ||     2
  Use: Scroll            |       |     2 |     5 |     5 ||    12
       Potion            |       |     1 |       |     2 ||     3
 Stab: Sleeping          |       |       |     1 |       ||     1
Armor: Scale mail        |    78 |    77 |       |       ||   155
       Ring mail         |       |       |    86 |       ||    86
       Plate armour      |       |       |   293 |   660 ||   953
Dodge: Dodged            |    38 |    42 |   144 |   195 ||   419
Block: Kite shield       |    74 |    73 |   308 |   505 ||   960
